 Dungeon Crawl Stone Soup version 0.21-a0-634-gaf8bc5d (webtiles) character file.

72 Megalobster the Poker (level 4, -2/34 HPs)
             Began as a Merfolk Skald on Dec 29, 2017.
             Was an Initiate of Nemelex Xobeh.
             Slain by Crazy Yiuf
             ... wielding a +3 quarterstaff of chaos
              (6 damage)
             ... on level 2 of the Dungeon.
             The game lasted 00:04:33 (2154 turns).

Megalobster the Poker (Merfolk Skald)               Turns: 2154, Time: 00:04:34

Health: -2/34      AC:  6    Str: 12    XL:     4   Next: 26%
Magic:  6/7        EV:  2    Int: 12    God:    Nemelex Xobeh [......]
Gold:   99         SH:  0    Dex: 13    Spells: 2/7 levels left

rFire    . . .     SeeInvis .   a - +0 spear
rCold    . . .     Gourm    .   (no shield)
rNeg     + + +     Faith    .   g - +0 scale mail
rPois    ∞         Spirit   .   (no helmet)
rElec    .         Reflect  .   (no cloak)
rCorr    .         Harm     .   (no gloves)
MR       .....                  (no boots)
Stlth    ..........             (no amulet)
HPRegen  0.11/turn              (no ring)
MPRegen  0.10/turn              (no ring)

@: petrified, infused (expiring), hasted
A: change form in water, swift swim, stealthy swim
a: Renounce Religion


You were on level 2 of the Dungeon.
You worshipped Nemelex Xobeh.
Nemelex Xobeh was noncommittal.
You were not hungry.

You visited 1 branch of the dungeon, and saw 2 of its levels.

You collected 99 gold pieces.

Inventory:

Hand Weapons
 a - a +0 spear (weapon)
Armour
 b - a +0 leather armour
 g - a +0 scale mail (worn)
Scrolls
 e - 3 scrolls of identify {unknown}
 f - a scroll of magic mapping {unknown}
 h - 2 scrolls of teleportation {unknown}
 j - a scroll of blinking {unknown}
 k - 2 scrolls of enchant armour {unknown}
 o - a scroll of fog {unknown}
Potions
 i - 3 potions of brilliance {unknown}
 l - a potion of heal wounds {unknown}
Books
 c - a book of Battle

   Spells                             Type                      Level
   a - Infusion                       Charms                       1
   b - Shroud of Golubria             Charms/Translocation         2
   c - Song of Slaying                Charms                       2
   d - Spectral Weapon                Hexes/Charms                 3
   e - Regeneration                   Charms/Necromancy            3
Miscellaneous
 n - a plain deck of summoning
Comestibles
 d - 3 rations
 m - 6 chunks of flesh


   Skills:
 + Level 2.6 Fighting
 * Level 4.0 Polearms
 * Level 1.0 Armour
 + Level 3.1 Dodging
 + Level 2.3 Spellcasting
 * Level 3.9 Charms
 * Level 0.6 Invocations


You had 2 spell levels left.
You knew the following spells:

 Your Spells              Type           Power        Failure   Level  Hunger
a - Infusion              Chrm           ##..         28%         1    ##.....
b - Song of Slaying       Chrm           ##......     38%         2    ###....
c - Shroud of Golubria    Chrm/Tloc      #.........   67%         2    ###....


Dungeon Overview and Level Annotations

Branches:
Dungeon (2/15)

Altars:
Nemelex Xobeh

Annotations:
D:2 Crazy Yiuf


Message History

You bump into the stone wall.
Crazy Yiuf closely misses you.
You closely miss Crazy Yiuf. Crazy Yiuf barely misses you.
You closely miss Crazy Yiuf.
You feel less confused.
Crazy Yiuf cries, "Flower sizzlefizz snail!"
Crazy Yiuf hits you with a quarterstaff of chaos!
You suddenly lose the ability to move!
Crazy Yiuf hits you with a quarterstaff of chaos.
You are slowing down.
Crazy Yiuf hits you with a quarterstaff of chaos.
* * * LOW HITPOINT WARNING * * *
You feel yourself speed up.
Your limbs are stiffening.
Crazy Yiuf hits you with a quarterstaff of chaos!
* * * LOW HITPOINT WARNING * * *
You have turned to stone.
Crazy Yiuf hits you but does no damage.
Your magical infusion is running out.
Crazy Yiuf hits you with a quarterstaff of chaos!
You die...
Your body disappears without a glow.

#.##.# #....# #..>...
#.##.# ♣..P.♣ ###
#.##### #.##.# ♣♣.P.♣
#.## #.# #.##.# ♣♣.♣♣
##.###.# #.##.# ♣♣.♣
#......## #.##.# ♣.♣♣
#.......# #.##.# ♣♣.♣
#.#####.# #.##.# ♣.♣♣
#.# #.# #....# #@# #.#
#.# ####.# #.g.# #.#
#.# #####.# #...#
#.#####.# #.....#
#)..# #..[....#
#.##### #####
###..##.#### #.#
#..##....< #.# ###
#......... #.#
#.######..#######
#.##########.........#


You could see Crazy Yiuf.

Vanquished Creatures
  2 adders (D:2)
  A dart slug (D:1)
  A leopard gecko (D:1)
  4 giant cockroaches
  9 goblins
  6 hobgoblins
  5 jackals
  7 kobolds
  2 bats (D:1)
  2 frilled lizards
  7 rats
46 creatures vanquished.

Notes
Turn   | Place    | Note
-------+----------+-------------------------------------------
     0 | D:1      | Megalobster the Merfolk Skald began the quest for the Orb.
     0 | D:1      | Reached XP level 1. HP: 16/16 MP: 3/3
    57 | D:1      | Reached XP level 2. HP: 21/22 MP: 5/5
    61 | D:1      | Learned a level 2 spell: Song of Slaying
    64 | D:1      | Learned a level 2 spell: Shroud of Golubria
   446 | D:1      | Reached XP level 3. HP: 28/28 MP: 6/6
  1151 | D:2      | Found a sparkling altar of Nemelex Xobeh.
  1455 | D:2      | Became a worshipper of Nemelex Xobeh the Trickster
  1810 | D:2      | Received a gift from Nemelex Xobeh
  1846 | D:2      | Reached XP level 4. HP: 33/34 MP: 7/7
  1939 | D:2      | Reached skill level 4 in Polearms
  1939 | D:2      | Reached skill level 1 in Armour
  2135 | D:2      | Found a runed door.
  2140 | D:2      | Noticed Crazy Yiuf
  2148 | D:2      | Paralysed by Crazy Yiuf for 4 turns
  2154 | D:2      | Slain by Crazy Yiuf

Vault maps used:
D:1:      matt_arrival_los_fun, minmay_pentomino_z4
D:2:      nemelex_xobeh_ov_fountains_minmay, marbit_many_paths,
          uniq_crazy_yiuf_cottage

Skill      XL: |  1  2  3  4 |
---------------+-------------+-----
Dodging        | 3 |  3.1
Polearms       | 4 |  4.0
Armour         | 1 |  1.0
Fighting       | |  2.6
Spellcasting   | |  2.3
Charms         | |  3.9
Invocations    | |  0.6

Action                   |  1- 3 |  4- 6 || total
-------------------------+-------+-------++-------
Melee: Spear             |   126 |    33 ||   159
 Cast: Infusion          |     2 |     2 ||     4
  Eat: Ration            |     1 |       ||     1
       Chunk             |     1 |       ||     1
Armor: Leather armour    |     9 |       ||     9
       Scale mail        |    25 |     9 ||    34
Dodge: Dodged            |    52 |    13 ||    65

Table legend:
 A = Spawn XP
 B = Non-spawn XP
 C = Spawn XP percentage of total XP
 D = Spawn monster count
 E = Non-spawn monster count
 F = Spawn count percentage of total count
 G = Total turns spent on level
                    A         B        C        D         E        F      G
               +---------+---------+-------+---------+---------+-------+---------
         Total |       0 |     104 |   0.0 |       0 |      46 |   0.0 |  2154
               +---------+---------+-------+---------+---------+-------+---------
           D:1 |       0 |      51 |   0.0 |       0 |      29 |   0.0 |   991
           D:2 |       0 |      53 |   0.0 |       0 |      17 |   0.0 |  1163
               +---------+---------+-------+---------+---------+-------+---------
